 Dungeon Crawl Stone Soup version 0.30-a0-1157-g2cc9ac7196 (webtiles) character file.

Game seed: 6624928023981844076

316 Dittersdorf the Trooper (level 6, -4/40 HPs)
             Began as a Gargoyle Fighter on Apr 24, 2023.
             Slain by a wight
             ... wielding a +0 flail
              (6 damage)
             ... on level 3 of the Dungeon.
             The game lasted 00:03:43 (2807 turns).

Dittersdorf the Trooper (Gargoyle Fighter)          Turns: 2807, Time: 00:03:43

Health: -4/40      AC: 14    Str: 22    XL:     6   Next: 44%
Magic:  6/6        EV:  9    Int:  8    God:
Gold:   239        SH:  4    Dex:  9    Spells: 5/5 levels left

rFire   . . .        a - +1 flail (freeze)
rCold   . . .        c - +0 buckler
rNeg    + . .        b - +0 scale mail
rPois   ∞            (no helmet)
rElec   +            t - +0 cloak
rCorr   .            f - +0 pair of gloves
SInv    .            (no boots)
Will    +....        (no amulet) Stlth
                     e - ring of willpower
HPRegen 0.26/turn    (no ring)
MPRegen 0.10/turn

%: no passive effects
@: no status effects
A: sickness immunity, AC +4, negative energy resistance 1, electricity
resistance, torment resistance 1, petrification resistance
a: no special abilities


You were on level 3 of the Dungeon.
You visited 1 branch of the dungeon, and saw 4 of its levels.

You collected 239 gold pieces.

Inventory:

Hand Weapons
 a - a +1 flail of freezing (weapon)
Missiles
 s - 5 poisoned darts (quivered)
Armour
 b - a +0 scale mail (worn)
 c - a +0 buckler (worn)
 f - a +0 pair of gloves (worn)
 t - a +0 cloak (worn)
Jewellery
 e - a ring of willpower (left hand)
Scrolls
 j - 4 scrolls of enchant weapon
 p - 2 scrolls of fear
 q - 2 scrolls of poison
Potions
 d - a potion of might
 g - 4 potions of lignification {unknown}
 h - a potion of brilliance {unknown}
 i - a potion of invisibility {unknown}
 l - 2 potions of ambrosia {unknown}
 n - a potion of berserk rage
 r - 4 potions of curing {unknown}
 v - 2 potions of attraction {unknown}


   Skills:
 + Level 4.8 Fighting
 + Level 3.6 Maces & Flails
 + Level 4.7 Armour
 + Level 4.7 Shields


You had 5 spell levels left.
You didn't know any spells.
Your spell library was empty.

Dungeon Overview and Level Annotations

Branches:
Dungeon (4/15)
 Temple: D:4-7

Altars:
Zin

Shops:
D:1 (   D:2 =

Annotations:
D:4 3 runed translucent doors, Sleet's ghost, amateur MiFi


Innate Abilities, Weirdness & Mutations

You are immune to sickness and miasma.
Your stone body is resilient. (AC +4)
You are immune to poison.
You resist negative energy. (rN+)
You are resistant to electric shocks. (rElec)
You are resistant to unholy torment.
You are immune to petrification.


Message History

Level annotation: 3 runed translucent doors, Sleet's ghost, amateur MiFi The wight hits you with a +0 battleaxe.
The wight hits you but does no damage.
There is a stone staircase leading up here.
The wight hits you but does no damage.
You climb upwards.
There is a stone staircase leading down here.
You sock the wight!
The wight is heavily damaged.
The wight hits you with a +0 battleaxe! The wight hits you with a +0 flail.
You hit the wight but do no damage.
The wight is heavily damaged.
The wight hits you but does no damage. The wight hits you with a +0 flail!
You are too injured to fight recklessly!
You are too injured to fight recklessly!
You are too injured to fight recklessly!
You are too injured to fight recklessly!
You are too injured to fight recklessly!
You are too injured to fight recklessly!
You are too injured to fight recklessly!
You are too injured to fight recklessly!
You are too injured to fight recklessly!
You are too injured to fight recklessly!
You are too injured to fight recklessly!
You are too injured to fight recklessly!
You are too injured to fight recklessly!
You are too injured to fight recklessly!
You are too injured to fight recklessly!
You barely miss the wight.
The wight is heavily damaged.
The wight hits you with a +0 battleaxe!
* * * LOW HITPOINT WARNING * * *
The wight barely misses you.
You hit the wight.
The wight is lightly damaged.
The wight hits you with a +0 battleaxe.
* * * LOW HITPOINT WARNING * * *
The wight hits you with a +0 flail!
* * * LOW HITPOINT WARNING * * *
The wight hits you but does no damage. The wight hits you with a +0 flail.
You die...

#......[..#
#.........#
##.........#
...........# ####
.#.........# ###..#
##.........# ##...##
##.........# ###....#
##........####....###
##.#.....## #..z@.#
##.##########.#z###
#..# #....#.# ..##
#.##...# ..####
#.#..### .....#
#...## ..##.# ##.###
.###.####..#
.###......######


You could see 2 wights.

Vanquished Creatures
  A scorpion (D:4)
  A wight (D:3)
  A hound (D:4)
  An iguana (D:4)
  4 gnolls (D:2)
  3 adders
  2 worms
  6 dart slugs
  2 endoplasms (D:1)
  3 giant cockroaches
  6 goblins
  9 hobgoblins
  2 jackals (D:3)
  3 quokkas
  10 ball pythons
  3 bats
  2 frilled lizards
  7 kobolds
  6 rats
72 creatures vanquished.

Notes
Turn   | Place    | Note
-------+----------+-------------------------------------------
     0 | D:1      | Dittersdorf the Gargoyle Fighter began the quest for the
                  | Orb.
     0 | D:1      | Reached XP level 1. HP: 14/14 MP: 1/1
   109 | D:1      | Reached XP level 2. HP: 16/19 MP: 2/2
   135 | D:1      | Found Laattusi's Antique Weapon Boutique.
   571 | D:2      | Reached XP level 3. HP: 24/24 MP: 3/3
   735 | D:2      | Found Amololi's Jewellery Boutique.
  1012 | D:2      | Found a glowing silver altar of Zin.
  1278 | D:2      | Reached XP level 4. HP: 27/29 MP: 4/4
  1933 | D:3      | Reached XP level 5. HP: 32/33 MP: 5/5
  2359 | D:4      | Reached XP level 6. HP: 34/39 MP: 6/6
  2546 | D:4      | Found a runed translucent gate.
  2546 | D:4      | Found a runed translucent gate.
  2547 | D:4      | Found a runed translucent gate.
  2576 | D:4      | Noticed Sleet's ghost (amateur MiFi)
  2807 | D:3      | HP: 2/40 [wight/+0 flail (8)]
  2807 | D:3      | Slain by a wight

Illustrated notes

Levels and vault maps discovered:
D:1:      dpeg_arrival_another_circle, layout_rooms, serial_shops, shop,
          grunt_decor_junction
D:2:      layout_loops_corners, basic_altar, serial_shops, shop
D:3:      layout_rooms
D:4:      layout_cave_pools, serial_shops, nicolae_shop_gaudy_bauble,
          gammafunk_ghost_split, minmay_misc_feat_hallway

Skill      XL: |  1  2  3  4 |
---------------+-------------+-----
Fighting       | 4 |  4.8
Armour         | 4 |  4.7
Shields        | 4 |  4.7
Maces & Flails | 3 |  3.6

Action                     |  1- 3 |  4- 6 || total
---------------------------+-------+-------++-------
  Melee: Flail             |   122 |   113 ||   235
    Use: Scroll            |       |    10 ||    10
 Armour: Scale mail        |    69 |    73 ||   142
  Dodge: Dodged            |    53 |    61 ||   114
  Block: Buckler           |    32 |    36 ||    68

Table legend: (Time is in decaauts)
 A = Elapsed time spent in this place.
 B = Non-inter-level travel time spent in this place.
 C = Inter-level travel time spent in this place.
 D = Time resting spent in this place.
 E = Time spent auto-exploring this place.
 F = Levels seen in this place.
 G = Mean time per level.
                   A        B        C        D        E       F      G
               +--------+--------+--------+--------+--------+-----+--------+
         Total |   2880 |   2747 |    133 |    258 |   1874 |   4 |  720.0 |
       Dungeon |   2880 |   2747 |    133 |    258 |   1874 |   4 |  720.0 |
               +--------+--------+--------+--------+--------+-----+--------+

Top non-repeatable levels by time:
     D:2: 1169 daAuts
     D:3: 710 daAuts
     D:1: 607 daAuts
     D:4: 393 daAuts
